 Dungeon Crawl Stone Soup version 0.22-a0-571-g4a923d4 (webtiles) character file.

37 iamserjio the Skirmisher (level 3, -1/23 HPs)
             Began as a Gargoyle Fighter on July 1, 2018.
             Slain by an adder (2 damage)
             ... on level 2 of the Dungeon.
             The game lasted 00:01:17 (168 turns).

iamserjio the Skirmisher (Gargoyle Fighter)          Turns: 168, Time: 00:01:18

Health: -1/23      AC: 10    Str: 24    XL:     3   Next: 39%
Magic:  3/3        EV: 12    Int:  8    God:
Gold:   38         SH: 10    Dex: 15    Spells: 2/2 levels left

rFire    . . .     SeeInvis .   a - +0 war axe
rCold    . . .     Gourm    .   c - +0 shield
rNeg     + . .     Faith    .   b - +0 scale mail
rPois    ∞         Spirit   .   (no helmet)
rElec    +         Reflect  .   (no cloak)
rCorr    .         Harm     .   (no gloves)
MR       .....                  (no boots)
Stlth    +.........             (no amulet)
HPRegen  0.07/turn              (no ring)
MPRegen  0.08/turn              (no ring)

@: mighty, agile
A: negative energy resistance 1, electricity resistance, unbreathing,
petrification resistance, rot immunity, AC +3
a: no special abilities


You were on level 2 of the Dungeon.
You were not hungry.

You visited 1 branch of the dungeon, and saw 2 of its levels.

You collected 38 gold pieces.

Inventory:

Hand Weapons
 a - a +0 war axe (weapon)
Armour
 b - a +0 scale mail (worn)
 c - a +0 shield (worn)
Scrolls
 e - a scroll of blinking {unknown}
 h - a scroll of random uselessness {unknown}
 i - a scroll of noise {unknown}
 j - a scroll of identify {unknown}
Comestibles
 f - 2 rations


   Skills:
 + Level 3.6 Fighting
 * Level 2.5 Axes
 + Level 3.6 Armour
 + Level 3.6 Shields


You had 2 spell levels left.
You didn't know any spells.
Your spell library was empty.

Dungeon Overview and Level Annotations

Branches:
Dungeon (2/15)

Altars:

Annotations:
D:2 Robin


Innate Abilities, Weirdness & Mutations

You are resistant to torment.
Your stone body is resilient. (AC +3)
You are immune to poison.
You resist negative energy. (rN+)
You are resistant to electric shocks. (rElec)
You can survive without breathing.
You are immune to petrification.
You are immune to rotting.


Message History

Your shield and scale mail prevent you from hitting the kobold.
You barely miss the rat. You barely miss the adder.
The adder bites you but does no damage. You block the kobold's attack.
The rat barely misses you. Robin closely misses you.
You block the adder's attack. The kobold hits you but does no damage.
You block the rat's attack.
You closely miss the kobold. You barely miss the adder. You slash the rat!
You kill the rat!
The adder bites you but does no damage. Robin hits you but does no damage.
You block the adder's attack. You block the kobold's attack.
Robin barely misses you.
You closely miss the kobold. You completely miss the adder.
You block the adder's attack. The kobold hits you but does no damage.
Robin hits you from afar with a spear.
* * * LOW HITPOINT WARNING * * *
The adder bites you but does no damage.
It was a potion of agility.
You feel agile all of a sudden. Robin hits you but does no damage.
The adder bites you.
You die...

..## ## .... #.. ##...#..
#...#..# ###..#...# ....#...g
#####....SK# ##...## #)@#
#..♣.<# #.†# +##+##..†.#####.)#
#.#.# #.....######.#...## #.#.#
...♣..#...###.....# #.#.#
.#....#.##.#.#.#..## #.#.#
.##.#.#.##.........# #.#.# #
........##...#.#...# #.#.# .#
.####.##.......#...#####.#.#..#


You could see Robin, an adder and a kobold.

Vanquished Creatures
  An ooze (D:2)
  A worm (D:2)
  2 leopard geckos (D:2)
  A giant cockroach (D:1)
  5 hobgoblins
  2 jackals (D:2)
  4 frilled lizards
  7 goblins (D:2)
  2 rats (D:2)
25 creatures vanquished.

Notes
Turn   | Place    | Note
-------+----------+-------------------------------------------
     0 | D:1      | iamserjio the Gargoyle Fighter began the quest for the Orb.
     0 | D:1      | Reached XP level 1. HP: 14/14 MP: 1/1
    75 | D:2      | Reached XP level 2. HP: 10/19 MP: 2/2
   156 | D:2      | Noticed Robin
   157 | D:2      | Reached XP level 3. HP: 8/23 MP: 3/3
   167 | D:2      | HP: 1/23 [Robin/spear (4)]
   168 | D:2      | Slain by an adder

Vault maps used:
D:1:      lightli_arrival_chessboard
D:2:      ashenzari_altar_1, first_ration, minivault_26,
          hangedman_decor_growths, grunt_ministairs_4, uniq_terence,
          uniq_sigmund, uniq_robin

Skill      XL: |  1 |
---------------+----+-----
Axes           | 2 |  2.5
Fighting       | |  3.6
Armour         | |  3.6
Shields        | |  3.6

Action                   || total
-------------------------++-------
Melee: War axe           ||    68
  Use: Potion            ||     2
Armor: Scale mail        ||    42
Dodge: Dodged            ||    42
Block: Shield            ||    58

Table legend:
 A = Spawn XP
 B = Non-spawn XP
 C = Spawn XP percentage of total XP
 D = Spawn monster count
 E = Non-spawn monster count
 F = Spawn count percentage of total count
 G = Total turns spent on level
                    A         B        C        D         E        F      G
               +---------+---------+-------+---------+---------+-------+---------
         Total |       0 |      53 |   0.0 |       0 |      25 |   0.0 |   168
               +---------+---------+-------+---------+---------+-------+---------
           D:1 |       0 |       7 |   0.0 |       0 |       5 |   0.0 |    63
           D:2 |       0 |      46 |   0.0 |       0 |      20 |   0.0 |   105
               +---------+---------+-------+---------+---------+-------+---------
